 Dungeon Crawl Stone Soup version 0.27-a0-1502-g47ed6a6988 (webtiles) character file.

Game seed: 6419722987506392926

498632 bilbop the Cutthroat (level 26, -4/170 HPs)
             Began as a Kobold Summoner on July 3, 2021.
             Was the Champion of Yredelemnul.
             Killed from afar by a quicksilver dragon (22 damage)
             ... with a bolt of dispelling energy
             ... on level 2 of the Realm of Zot on July 8, 2021.
             The game lasted 16:17:16 (106243 turns).

bilbop the Cutthroat (Kobold Summoner)            Turns: 106243, Time: 16:17:17

Health: -4/170     AC: 18    Str:  7    XL:     26   Next: 12%
Magic:  16/43      EV: 26    Int: 32    God:    Yredelemnul [******]
Gold:   2297       SH:  9    Dex: 16    Spells: 22/58 levels left

rFire    + + .     SeeInvis +   p - +9 quick blade (drain)
rCold    + . .     Faith    .   W - +3 buckler {reflect}
rNeg     . . .     Spirit   .   H - +5 steam dragon scales
rPois    +         Reflect  +   E - +2 hat
rElec    +         Harm     .   r - scarf {rC+ rF+}
rCorr    .         Rampage  +   s - +2 pair of gloves
Will     +++..                  f - +2 pair of boots {rampage}
Stlth    +++++++++.             F - amulet "Ushreuzue" {RegenMP rF+}
HPRegen  0.38/turn              q - ring of Qaggomes {Fly rElec rPois Will++ Slay+3}
MPRegen  0.53/turn              k - ring of Mytufug {rPois Int+6 SInv}

@: flying, studying 2 skills
A: small, no large weapons, nightstalker 3
}: 3/15 runes: barnacled, silver, gossamer
a: Renounce Religion, Recall Undead Slaves, Injury Mirror, Animate Dead, Drain
Life, Enslave Soul


You were on level 2 of the Realm of Zot.
You worshipped Yredelemnul.
Yredelemnul was exalted by your worship.
You visited 10 branches of the dungeon, and saw 47 of its levels.
You visited 1 ziggurat, and saw 4 of its levels.
You also visited: Sewer and Wizlab.

You collected 6821 gold pieces.
You spent 4524 gold pieces at shops.

Inventory:

Hand Weapons
 a - the +10 dagger of Evviu {vorpal, rPois Dex+3}
   (You bought it in a shop on level 2 of the Orcish Mines)

   It inflicts extra damage upon your enemies.
   Dex:       It affects your dexterity (+3).
   rPois:     It protects you from poison.
 b - a +9 spectral dagger
 p - a +9 quick blade of draining (weapon)
Missiles
 V - 7 boomerangs of dispersal
Armour
 e - a +2 cloak of stealth
 f - a +2 pair of boots of rampaging (worn)
 r - a scarf of resistance (worn)
 s - a +2 pair of gloves (worn)
 E - a +2 hat (worn)
 H - +5 steam dragon scales (worn)
 L - the +1 cloak "Qostraq" {*Corrode rPois Regen+ Str+4}
   (You acquired it on level 5 of the Vaults)

   Str:       It affects your strength (+4).
   rPois:     It protects you from poison.
   Regen:     It increases your rate of health regeneration.
   *Corrode:  It may corrode you when you take damage.
 T - the +1 pair of gloves of Rationality {Str+4 Int+7 Dex-2 Stlth+}
   (You found it on level 5 of the Vaults)

   Str:       It affects your strength (+4).
   Int:       It affects your intelligence (+7).
   Dex:       It affects your dexterity (-2).
   Stlth:     It makes you more stealthy.
 W - a +3 buckler of reflection (worn)
Jewellery
 k - the ring of Mytufug (right hand) {rPois Int+6 SInv}
   (You took it off a deep elf blademaster on level 3 of the Elven Halls)

   [ring of intelligence]

   Int:       It affects your intelligence (+6).
   rPois:     It protects you from poison.
   SInv:      It lets you see invisible.
 q - the ring of Qaggomes (left hand) {Fly rElec rPois Will++ Slay+3}
   (You found it on level 5 of the Vaults)

   [ring of flight]

   Slay:      It affects your accuracy & damage with ranged weapons and melee
   (+3).
   rElec:     It insulates you from electricity.
   rPois:     It protects you from poison.
   Fly:       It grants you flight.
   Will:      It greatly increases your willpower.
 w - a ring of protection from fire
 x - a +6 ring of intelligence
 B - a ring of willpower
 C - a +4 ring of evasion
 D - a ring of wizardry
 F - the amulet "Ushreuzue" (around neck) {RegenMP rF+}
   (You took it off a deep elf high priest on level 3 of the Elven Halls)

   [amulet of magic regeneration]

   It increases your rate of magic regeneration.
   rF:        It protects you from fire.
 J - a ring of flight
 P - a +4 ring of protection
 S - the amulet of Autumn {Acrobat rC+ MP+9}
   (You took it off a deep elf demonologist on level 3 of the Vaults)

   [amulet of the acrobat]

   It increases your evasion while moving and waiting.
   rC:        It protects you from cold.
   MP:        It affects your magic capacity (+9).
 U - a +4 ring of slaying
 X - a ring of magical power
Wands
 g - a wand of digging (19)
 o - a wand of flame (128)
 u - a wand of polymorph (37)
 K - a wand of iceblast (71)
 N - a wand of acid (27)
 O - a wand of charming (15)
 Y - a wand of mindburst (11)
Scrolls
 j - 9 scrolls of fog
 l - 3 scrolls of fear
 t - 2 scrolls of silence
 y - 5 scrolls of magic mapping
 z - a scroll of summoning
 A - a scroll of blinking
 I - 15 scrolls of teleportation
 R - 9 scrolls of amnesia
 Z - 14 scrolls of identify
Potions
 d - 6 potions of curing
 i - 3 potions of magic
 m - 4 potions of ambrosia
 n - 3 potions of might
 v - 5 potions of haste
 G - 5 potions of invisibility
 M - 4 potions of cancellation
 Q - 3 potions of brilliance
Miscellaneous
 c - a piece from Xom's chessboard (15/15)
 h - a phantom mirror


   Skills:
 + Level 18.8 Fighting
 + Level 21.6 Short Blades
 + Level 18.6 Dodging
 + Level 21.3 Stealth
 - Level 5.0 Shields
 + Level 16.5 Spellcasting
 + Level 16.6 Summonings
 + Level 16.5 Invocations


You had 22 spell levels left.
You knew the following spells:

 Your Spells              Type           Power      Damage    Failure   Level
a - Summon Small Mammal   Summ           100%       N/A       0%          1
b - Call Imp              Summ           93%        N/A       0%          2
c - Call Canine Familiar  Summ           93%        N/A       0%          3
d - Summon Ice Beast      Ice/Summ       68%        N/A       1%          4
e - Summon Lightning Spi  Summ/Air       68%        N/A       1%          4
f - Summon Guardian Gole  Hex/Summ       68%        N/A       1%          3
g - Monstrous Menagerie   Summ           46%        N/A       1%          7
h - Summon Horrible Thin  Summ           46%        N/A       12%         8
i - Blink                 Tloc           N/A        N/A       2%          2
j - Passwall              Tmut/Erth      21%        N/A       2%          2

Your spell library contained the following spells:

 Spells                   Type           Power      Damage    Failure   Level
 Animate Skeleton         Necr           52%        N/A       1%          1
 Apportation              Tloc           52%        N/A       1%          1
 Beastly Appendage        Tmut           52%        N/A       1%          1
 Corona                   Hex            28%        N/A       1%          1
 Foxfire                  Conj/Fire      100%       2x1d9     1%          1
 Magic Dart               Conj           100%       1d8       1%          1
 Sandblast                Erth           52%        2d12      1%          1
 Shock                    Conj/Air       100%       1d9       1%          1
 Sting                    Tmut/Pois      100%       1d8       1%          1
 Animate Armour           Summ/Erth      100%       N/A       1%          4
 Summon Mana Viper        Hex/Summ       68%        N/A       1%          5
 Poisonous Vapours        Pois/Air       52%        N/A       2%          2
 Searing Ray              Conj           52%        3d5       2%          2
 Static Discharge         Conj/Air       26%        N/A       2%          2
 Sublimation of Blood     Necr           13%        N/A       2%          2
 Wereblood                Tmut           26%        N/A       2%          2
 Conjure Flame            Conj/Fire      26%        6-21      4%          3
 Gell's Gravitas          Tloc           13%        N/A       4%          3
 Ignite Poison            Fire/Tmut/Pois 26%        N/A       4%          3
 Inner Flame              Hex/Fire       26%        N/A       4%          3
 Lesser Beckoning         Tloc           13%        N/A       4%          3
 Mephitic Cloud           Conj/Pois/Air  26%        N/A       4%          3
 Ozocubu's Armour         Ice            26%        N/A       4%          3
 Portal Projectile        Hex/Tloc       52%        N/A       4%          3
 Spider Form              Tmut/Pois      13%        N/A       4%          3
 Stone Arrow              Conj/Erth      52%        3d10      4%          3
 Swiftness                Air            26%        N/A       4%          3
 Teleport Other           Tloc           26%        N/A       4%          3
 Tukima's Dance           Hex            26%        N/A       4%          3
 Animate Dead             Necr           13%        N/A       16%         4
 Cause Fear               Hex            13%        N/A       16%         4
 Dispel Undead            Necr           26%        3d13      16%         4
 Fulminant Prism          Conj/Hex       13%        3d9       16%         4
 Leda's Liquefaction      Hex/Erth       13%        N/A       16%         4
 Passage of Golubria      Tloc           N/A        N/A       16%         4
 Petrify                  Tmut/Erth      26%        N/A       16%         4
 Sticky Flame             Conj/Fire      26%        2d5       16%         4
 Alistair's Intoxication  Tmut/Pois      17%        N/A       41%         5
 Blade Hands              Tmut           13%        N/A       41%         5
 Bolt of Magma            Conj/Fire/Erth 13%        4d8       41%         5
 Borgnjor's Vile Clutch   Necr/Erth      13%        N/A       41%         5
 Excruciating Wounds      Necr           13%        N/A       41%         5
 Fireball                 Conj/Fire      13%        3d7       41%         5
 Freezing Cloud           Conj/Ice/Air   13%        6-21      41%         5
 Irradiate                Conj/Tmut      13%        3d18      41%         5
 Iskenderun's Battlesphe  Conj           26%        2d8       41%         5
 Lee's Rapid Deconstruct  Erth           13%        3d10*     41%         5
 Lightning Bolt           Conj/Air       13%        1d26      41%         5
 Manifold Assault         Tloc           26%        N/A       41%         5
 Metabolic Englaciation   Hex/Ice        13%        N/A       41%         5
 Yara's Violent Unravell  Hex/Tmut       13%        3d7       41%         5
 Haunt                    Necr/Summ      34%        N/A       41%         7
 Dragon's Call            Summ           46%        N/A       87%         9
 Conjure Ball Lightning   Conj/Air       13%        3x3d6     94%         6
 Death Channel            Necr           13%        N/A       94%         6
 Eringya's Noxious Bog    Tmut/Pois      13%        N/A       94%         6
 Invisibility             Hex            13%        N/A       94%         6
 Iron Shot                Conj/Erth      13%        9d3       94%         6
 Statue Form              Tmut/Erth      17%        N/A       94%         6
 Dragon Form              Tmut           13%        N/A       100%        7
 Orb of Destruction       Conj           13%        9d6       100%        7
 Ozocubu's Refrigeration  Ice            13%        4d7       100%        7
 Storm Form               Tmut/Air       13%        N/A       100%        7
 Borgnjor's Revivificati  Necr           13%        N/A       100%        8
 Discord                  Hex            13%        N/A       100%        8
 Infestation              Necr           13%        N/A       100%        8
 Lehudib's Crystal Spear  Conj/Erth      13%        10d4      100%        8
 Maxwell's Capacitive Co  Air            13%        ∞         100%        8
 Necromutation            Tmut/Necr      13%        N/A       100%        8
 Death's Door             Necr           13%        N/A       100%        9
 Fire Storm               Conj/Fire      13%        8d3       100%        9
 Shatter                  Erth           13%        3d13*     100%        9


Dungeon Overview and Level Annotations

Branches:
Dungeon (15/15)            Temple (1/1) D:5            Lair (6/6) D:8
 Shoals (4/4) Lair:4       Spider (4/4) Lair:2        Slime (0/5) Lair:5
    Orc (2/2) D:9             Elf (3/3) Orc:2        Vaults (5/5) D:13
  Crypt (0/3) Vaults:2     Depths (5/5) D:15            Zot (2/5) Depths:5
  Sewer (visited)          WizLab (visited)

Altars:
Ashenzari
Cheibriados
Dithmenos
Elyvilon
Fedhas
Gozag
Hepliaklqana
Kikubaaqudgha
Makhleb
Nemelex Xobeh
Okawaru
Qazlal
Ru
Sif Muna
Trog
Uskayaw
Vehumet
Wu Jian
Xom
Yredelemnul
Zin
The Shining One
Beogh

Shops:
D:1 !   D:10 *   D:15 :   Orc:1 (*   Orc:2 [(?(?   Elf:3 [   Shoals:1 *
Shoals:3 (   Depths:1 *   Depths:5 :[[[?

Portals:
Hell: Depths:2 Depths:3 Depths:4 Depths:5
Abyss: Depths:1 Depths:4
Pandemonium: Depths:2 Depths:3
Trove: D:12 (give 6 scrolls of blinking)

Annotations:
D:6 2 transporters, dickylongcocking's ghost, novice DjWz
Lair:5 exclusion: 4 oklob plants
Spider:3 1 runed translucent door
Elf:2 3 runed translucent doors


Innate Abilities, Weirdness & Mutations

You are small and have problems with some larger weapons.
You are completely attuned to the shadows.


Message History

The bolt of dispelling energy misses you.
You hear a roar!
Your manticore closely misses the quicksilver dragon.
Your manticore barely misses the quicksilver dragon.
Your manticore claws the quicksilver dragon!
You hear a roar!
Something bites your manticore. Something claws your manticore!
Your manticore dies!
Your manticore's corpse disappears in a puff of smoke!
You hear a roar!
Casting: Monstrous Menagerie (dangerous; 1% risk of failure)
Confirm with . or Enter, or press ? or * to list all spells.
You summon a lindwurm!
You hear a roar!
You hear a roar!
The quicksilver dragon breathes dispelling energy at you.
The bolt of dispelling energy hits your lindwurm!!!
The bolt of dispelling energy hits you!!!
* * * LOW HITPOINT WARNING * * *
Your lindwurm bites the quicksilver dragon.
Your lindwurm claws the quicksilver dragon but does no damage.
Your lindwurm claws the quicksilver dragon!
The quicksilver dragon bites your lindwurm.
The quicksilver dragon claws your lindwurm.
The quicksilver dragon bites your lindwurm!
Your lindwurm dies!
Your lindwurm's corpse disappears in a puff of smoke!
You hear a roar! x2
Blink to where?
Press: ? - help, Dir - move target, f - you, p - quicksilver dragon
Okay, then.
Casting: Monstrous Menagerie (dangerous; 1% risk of failure)
Confirm with . or Enter, or press ? or * to list all spells.
You summon a lindwurm!
You hear a roar!
The quicksilver dragon breathes dispelling energy at you.
The bolt of dispelling energy hits your lindwurm!!
The bolt of dispelling energy hits you!!
You die...
Your body rises from the dead as a mindless zombie.

#############
#..d........#
#.#########.###########
#.##≈≈≈≈≈≈#.'....)..).#
#.#.##≈≈≈≈≈≈#.####.####.#
#.#)##≈≈≈≈≈X#.# #.# #.#
...'.#########.# #.# #Z#
##d#.#########@# #?# #.#
#k#....).§Dk..# #.# #.# y
#'#####§##### #.# #.#
..H. #.# #.# #)# ...d..
#.# #.# #.#
..y...###.########.# #.#
...'.)[)..[.....# #.#
....#.#>########## #.#
..y.#.#)# #.#


You could see a tentacled monstrosity, a quicksilver dragon (catching breath,
drained, ally target) and a friendly lindwurm (summoned).

Vanquished Creatures
  2 ancient liches
  A juggernaut (Depths:5)
  4 golden dragons
  A profane servitor (Zig:1)
  A bone dragon (Depths:2)
  A tentacled monstrosity (Vaults:5)
  2 titans
  4 quicksilver dragons
  A deep elf master archer (Elf:3)
  3 sphinxes
  An acid blob (Zig:2)
  A death cob (Zot:1)
  5 storm dragons
  2 shadow dragons (Vaults:5)
  Donald (Shoals:3)
  3 draconian monks
  3 tengu reavers
  4 draconian knights (Zot:1)
  7 frost giants
  4 fire giants
  2 deep elf sorcerers
  Aizul (Spider:2)
  A curse skull (Zig:3)
  A ghost moth (Depths:3)
  A deep elf elementalist (Elf:3)
  A draconian shifter (Zot:2)
  An emperor scorpion (Spider:4)
  4 vault wardens
  2 war gargoyles
  A draconian annihilator (Zot:1)
  6 very ugly things
  4 ironbound preservers
  A stone giant (shapeshifter) (Vaults:4)
  A lorocyproca (Depths:3)
  3 stone giants
  A black draconian (Zot:1)
  9 deep elf annihilators
  5 white draconians
  6 dire elephants
  3 yellow draconians
  2 green draconians
  10 purple draconians
  5 spark wasps
  6 statues (Depths:1)
  4 red draconians
  A spark wasp (shapeshifter) (Depths:3)
  4 ettins
  A deep elf death mage (Vaults:2)
  2 blizzard demons (WizLab)
  2 merfolk impalers (Shoals:4)
  5 great orbs of eyes
  3 deep elf high priests
  A fire dragon (Depths:1)
  4 ironbound thunderhulks
  4 yaktaur captains
  Harold (D:10)
  2 rakshasas
  A juggernaut simulacrum (Depths:3)
  3 spriggan air magi
  8 hydras
  5 ice dragons
  8 vault guards
  5 boulder beetles
  An ogre mage (D:13)
  An anaconda (shapeshifter) (Depths:3)
  A peacekeeper (Vaults:4)
  A catoblepas (Lair:4)
  2 merfolk aquamancers
  6 ironbound frosthearts
  6 death yaks
  16 centaur warriors
  10 dancing weapons
  3 two-headed ogres
  2 vampire magi
  5 deep troll earth magi
  4 tengu warriors
  An orc high priest (Orc:2)
  A spriggan berserker (Depths:4)
  9 deep elf knights
  Sonja (Lair:1)
  4 ironbound beastmasters
  A storm dragon zombie (Depths:1)
  A shock serpent (shapeshifter) (Vaults:4)
  A hell knight (Vaults:2)
  A fire crab (Lair:5)
  A goliath frog (shapeshifter) (Vaults:4)
  2 sea snakes
  2 skeletal warriors (D:14)
  3 deep elf archers
  A glowing orange brain (Depths:5)
  13 deep trolls
  7 ironbound convokers
  A lindwurm (shapeshifter) (Depths:1)
  An orb spider (Spider:1)
  3 orc knights
  A lindwurm (Vaults:3)
  8 wizards
  2 phantasmal warriors
  11 harpies
  17 ugly things
  23 deep elf pyromancers
  4 necromancers
  6 wolf spiders
  3 fauns (Shoals:1)
  3 cyclopes
  5 manticores
  An orc sorcerer (Orc:1)
  2 tengu skeletons (Vaults:2)
  21 deep elf zephyrmancers
  3 moths of wrath (Zot:1)
  A water nymph (Shoals:2)
  6 elephants
  8 black mambas
  2 fire giant skeletons
  12 vault sentinels
  A merfolk siren (Shoals:1)
  2 torpor snails
  A gargoyle (D:10)
  A spriggan zombie (Depths:2)
  8 cane toads
  2 rime drakes
  2 freezing wraiths
  10 komodo dragons
  A kobold demonologist (Depths:4)
  8 tengu conjurers
  4 demonic crawlers
  A spriggan skeleton (Depths:2)
  18 yaktaurs
  6 jumping spiders
  3 trolls
  9 merfolk
  2 dream sheep (Lair:3)
  5 hornets
  9 blink frogs
  A tengu simulacrum (Vaults:2)
  19 slime creatures
  3 wind drakes
  3 stone giant simulacra
  7 snapping turtles
  A frost giant simulacrum (Depths:2)
  A flying skull (Orc:2)
  2 nameless horrors
  4 air elementals
  4 wyverns
  14 redbacks
  A fire elemental (Elf:3)
  7 water elementals
  A shadow (D:12)
  25 yaks
  6 tarantellas
  A human (D:13)
  2 wraiths
  4 basilisks
  3 steam dragons
  A golden eye (Zig:2)
  4 vampire mosquitoes (D:12)
  3 wargs
  10 water moccasins
  10 orc warriors
  A black bear (D:6)
  An ettin simulacrum (Depths:1)
  5 wolves (Lair:1)
  5 ogres
  5 boggarts (Vaults:4)
  An ogre (shapeshifter) (Vaults:3)
  10 centaurs
  A gnoll sergeant (D:9)
  3 bullfrogs
  Dowan (D:5)
  2 scorpions
  A tengu zombie (Depths:1)
  3 killer bees (D:9)
  7 wights
  A howler monkey (D:10)
  3 electric eels
  4 lava snakes (Lair:6)
  A bullfrog zombie (D:6)
  A quasit (Sewer)
  2 centaur skeletons
  2 centaur zombies
  7 orc priests
  3 hounds
  A jelly (D:4)
  11 iguanas
  12 orc wizards
  4 hell rats (Lair:3)
  6 gnolls
  5 adders
  A howler monkey skeleton (D:7)
  An ufetubus (D:7)
  A worm (D:3)
  33 orcs
  7 endoplasms
  4 giant cockroaches
  3 hobgoblins (D:2)
  A jackal (D:4)
  A quokka (D:2)
  7 ball pythons
  2 bats
  7 frilled lizards
  4 goblins
  9 kobolds
  A kobold zombie (Sewer)
  2 rats
866 creatures vanquished.

Vanquished Creatures (collateral kills)
  Margery (Vaults:2)
  Bai Suzhen (Depths:3)
  Frederick (Vaults:2)
  3 golden dragons
  An electric golem (Zot:1)
  5 tentacled monstrosities
  4 liches
  2 deep elf blademasters (Elf:3)
  6 quicksilver dragons
  3 deep elf master archers (Elf:3)
  Polyphemus (Shoals:4)
  3 titans
  6 sphinxes
  2 ancient champions (Vaults:2)
  2 tengu reavers
  A shadow dragon (Vaults:4)
  2 draconian monks
  3 storm dragons
  Roxanne (Elf:1)
  Ilsuiw (Shoals:4)
  6 fire giants
  A daeva (Depths:4)
  9 frost giants
  A ghost moth (Spider:4)
  5 vault wardens
  Louise (Shoals:4)
  5 emperor scorpions (Spider:4)
  2 iron dragons
  3 deep elf sorcerers (Elf:3)
  3 draconian scorchers
  The ghost of atabob the Champion of Chaos, a journeyman DsGl of Makhleb (D:15)
  3 draconian knights
  A ghoul (Vaults:2)
  3 deep elf elementalists (Elf:3)
  3 draconian annihilators
  7 stone giants
  2 war gargoyles
  4 ironbound preservers
  18 very ugly things
  A reaper (Zig:3)
  4 deep elf demonologists
  3 entropy weavers
  2 green draconians
  An entropy weaver (shapeshifter) (Depths:2)
  3 spark wasps
  2 pale draconians (Depths:5)
  2 yellow draconians
  9 deep elf annihilators
  A blizzard demon (Depths:2)
  3 white draconians
  3 dire elephants
  8 ettins
  4 deep elf death magi (Elf:3)
  9 merfolk javelineers (Shoals:4)
  6 fire dragons
  9 merfolk impalers
  7 yaktaur captains
  4 deep elf high priests (Elf:3)
  A crystal guardian (Depths:3)
  7 great orbs of eyes
  3 ice dragons
  25 vault guards
  A ghost crab (WizLab)
  A juggernaut simulacrum (Depths:3)
  3 boulder beetles
  2 ironbound thunderhulks
  3 spriggan air magi
  2 rakshasas
  A peacekeeper (Vaults:2)
  2 hell beasts (Depths:2)
  An ogre mage (D:15)
  2 salamander tyrants (Depths:3)
  3 merfolk aquamancers (Shoals:4)
  4 centaur warriors
  2 catoblepae
  An alligator (shapeshifter) (Depths:3)
  2 merfolk avatars (Shoals:4)
  2 ironbound frosthearts
  4 tengu warriors
  8 dancing weapons
  4 orc high priests
  2 death yaks (Shoals:4)
  4 deep troll earth magi
  2 spriggan berserkers
  A shock serpent (shapeshifter) (Vaults:4)
  5 ironbound beastmasters
  6 hell knights
  A shock serpent (WizLab)
  12 deep elf knights
  2 iron trolls (Depths:2)
  5 skeletal warriors
  A fire crab (Lair:6)
  6 sea snakes
  9 deep trolls
  A death drake (Depths:2)
  3 glowing orange brains
  3 swamp dragons (Depths:5)
  6 lindwurms
  10 orc knights
  3 wizards
  An oklob plant (Depths:2)
  14 deep elf archers
  18 harpies
  13 deep elf pyromancers
  2 phantasmal warriors
  10 orb spiders
  11 ironbound convokers
  2 necromancers (Vaults:2)
  21 deep elf zephyrmancers
  7 orc sorcerers
  A salamander (Depths:5)
  3 cyclopes
  2 fauns (Shoals:1)
  14 wolf spiders
  8 manticores
  18 ugly things
  8 moths of wrath
  A cyclops (shapeshifter) (Vaults:4)
  4 elephants
  8 merfolk sirens
  A water nymph (shapeshifter) (Depths:2)
  2 molten gargoyles (Lair:6)
  2 water nymphs
  3 black mambas (Lair:6)
  7 vault sentinels
  3 torpor snails
  A gargoyle (D:13)
  2 rime drakes
  3 cane toads
  6 komodo dragons
  23 yaktaurs
  4 demonic crawlers
  15 merfolk
  A freezing wraith (D:14)
  6 tengu conjurers
  An efreet (D:15)
  A polar bear (Lair:6)
  A jumping spider (shapeshifter) (Depths:3)
  2 hornets
  10 jumping spiders
  7 nameless horrors
  Grinder (Sewer)
  A troll (Vaults:4)
  6 wind drakes
  8 blink frogs
  A tengu simulacrum (Vaults:2)
  A blink frog (shapeshifter) (Elf:1)
  8 slime creatures
  5 snapping turtles
  8 dream sheep
  50 redbacks
  17 water elementals
  A wraith (D:11)
  2 air elementals (Elf:2)
  16 tarantellas
  A hog (shapeshifter) (D:14)
  18 yaks
  2 wyverns
  6 basilisks
  3 fire elementals
  4 steam dragons
  4 wargs
  A hell hound (Lair:6)
  3 water moccasins
  Duvessa (D:5)
  A black bear (D:5)
  3 swamp drakes (Depths:2)
  20 orc warriors
  A sky beast (D:8)
  A necrophage (D:4)
  7 ogres
  3 wolves (Lair:1)
  6 centaurs
  3 boggarts (Vaults:2)
  3 bullfrogs
  6 kobold brigands
  3 earth elementals
  5 scorpions
  A golden dragon zombie (Depths:3)
  7 wights
  3 howler monkeys (D:14)
  An electric eel (D:15)
  20 orc priests
  A bullfrog skeleton (D:5)
  A frost giant zombie (Depths:3)
  A harpy zombie (Vaults:1)
  7 iguanas
  Natasha (thrice) (D:3)
  18 orc wizards
  2 hell rats (Lair:3)
  A killer bee zombie (D:5)
  A jumping spider zombie (Spider:4)
  4 gnolls
  5 adders
  3 shadow imps
  2 white imps
  5 ufetubi (Sewer)
  An adder skeleton (D:4)
  2 worms
  A dart slug (D:1)
  42 orcs
  6 ball pythons
  A bat zombie (Sewer)
  3 endoplasms
  5 giant cockroaches
  5 goblins
  3 hobgoblins
  6 jackals
  18 kobolds
  A quokka (D:3)
  6 bats
  6 frilled lizards
  A kobold zombie (Sewer)
  An orc zombie (Orc:2)
  2 plants
1067 creatures vanquished.

Vanquished Creatures (others)
  4 profane servitors
  4 bone dragons
  7 ghouls
  A draconian annihilator (Depths:5)
  A deep elf elementalist (Elf:3)
  6 vampire knights
  A green draconian (Zot:2)
  A rakshasa (Depths:3)
  5 skeletal warriors
  8 flayed ghosts
  9 phantasmal warriors
  A manticore (Shoals:1)
  2 rime drakes (Depths:2)
  11 vampires
  10 flying skulls
  4 wraiths
  A juggernaut zombie (Depths:5)
  3 quicksilver dragon zombies
  A quicksilver dragon skeleton (Vaults:4)
  9 very ugly thing zombies
  A titan zombie (Vaults:5)
  A shadow dragon zombie (Vaults:4)
  5 frost giant zombies
  2 storm dragon zombies
  A wight (Lair:1)
  An iron dragon zombie (Depths:3)
  5 draconian zombies
  12 redback zombies
  40 elf zombies
  A shock serpent zombie (WizLab)
  A sphinx zombie (Depths:3)
  A fire giant zombie (Vaults:5)
  A stone giant zombie (Vaults:5)
  5 wolf spider zombies
  A spark wasp zombie (Spider:2)
  A black draconian zombie (Zot:1)
  An orc priest (Vaults:5)
  A pale draconian zombie (Depths:5)
  2 draconian skeletons
  4 demonic crawler zombies
  A shadow dragon skeleton (Vaults:5)
  A death drake zombie (Depths:2)
  3 elf skeletons (Elf:3)
  A catoblepas zombie (Lair:4)
  An emperor scorpion zombie (Spider:4)
  5 spriggan zombies
  A white draconian zombie (Zot:1)
  4 black mamba zombies
  5 hydra zombies
  3 death yak zombies
  2 dire elephant zombies (Vaults:1)
  4 purple draconian zombies
  2 red draconian zombies (Zot:2)
  A yellow draconian skeleton (Zot:1)
  2 green draconian zombies (Zot:1)
  A red draconian skeleton (Zot:1)
  13 ugly thing zombies
  A yellow draconian zombie (Zot:1)
  3 ettin zombies
  A deep troll skeleton (Vaults:5)
  5 jumping spider zombies
  5 tarantella zombies
  A mummy (Lair:4)
  3 ice dragon zombies
  2 moth of wrath zombies (Zot:1)
  2 wind drake zombies (Shoals:4)
  A ghost crab zombie (WizLab)
  A water nymph zombie (Shoals:4)
  2 boulder beetle zombies
  7 deep troll zombies
  A faun zombie (Shoals:1)
  2 fire dragon zombies (Depths:5)
  13 harpy zombies
  3 lindwurm zombies
  9 merfolk zombies
  2 ettin skeletons
  5 human skeletons
  A snapping turtle zombie (Shoals:4)
  3 wolf zombies (Lair:1)
  A hornet zombie (Spider:4)
  3 blink frog zombies
  3 centaur skeletons (D:11)
  3 dream sheep zombies (Lair:6)
  3 elephant zombies
  A komodo dragon zombie (Lair:2)
  9 tengu zombies
  3 water moccasin zombies
  16 yaktaur zombies
  3 cane toad zombies
  3 orb spider zombies
  2 rime drake zombies
  2 scorpion zombies (Lair:2)
  2 yak skeletons (Orc:2)
  3 yaktaur skeletons
  A cyclops zombie (D:9)
  4 basilisk zombies
  3 bat zombies (Orc:2)
  35 human zombies
  2 ogre zombies
  A troll zombie (Vaults:4)
  14 yak zombies
  7 centaur zombies
  5 frilled lizard zombies (Lair:2)
  2 giant cockroach zombies (Lair:2)
  A goblin zombie (D:7)
  3 hell rat zombies (Lair:3)
  A howler monkey zombie (D:14)
  5 iguana zombies (Lair:2)
  A killer bee zombie (D:9)
  3 kobold zombies
  4 orc skeletons
  41 orc zombies
  6 rat skeletons (Orc:2)
  A steam dragon zombie (Depths:5)
  3 warg zombies
  A wyvern zombie (D:8)
  A bush (Lair:5)
  83 fungi
  304 plants
  12 tentacles (Shoals:4)
900 creatures vanquished.

Grand Total: 2833 creatures vanquished

Notes
Turn   | Place    | Note
-------+----------+-------------------------------------------
     0 | D:1      | bilbop the Kobold Summoner began the quest for the Orb.
     0 | D:1      | Reached XP level 1. HP: 10/10 MP: 3/3
   504 | D:1      | Reached XP level 2. HP: 16/16 MP: 5/5
   993 | D:1      | Found Joxtisa's Distillery.
  1010 | D:1      | Bought a potion of curing for 30 gold pieces
  1372 | D:2      | Reached skill level 1 in Short Blades
  1424 | D:2      | Found a faded altar of an unknown god.
  1529 | D:2      | Reached XP level 3. HP: 20/20 MP: 6/6
  1559 | D:2      | Learned a level 2 spell: Call Imp
  1667 | D:2      | Reached skill level 1 in Fighting
  1670 | D:2      | Reached XP level 4. HP: 25/25 MP: 7/7
  3207 | D:3      | Reached XP level 5. HP: 29/29 MP: 4/9
  3285 | D:3      | Noticed Natasha
  3293 | D:3      | Killed Natasha
  3596 | D:3      | Noticed an ogre
  3678 | D:3      | Killed an ogre
  3839 | D:3      | Noticed Natasha
  3850 | D:3      | Killed Natasha
  3974 | D:3      | Noticed Natasha
  3998 | D:3      | Killed Natasha
  3999 | D:3      | Reached XP level 6. HP: 15/35 MP: 2/10
  4180 | D:3      | Learned a level 3 spell: Call Canine Familiar
  4533 | D:3      | Found a glowing silver altar of Zin.
  4983 | D:4      | Noticed an ogre
  4987 | D:4      | Noticed a necrophage
  5019 | D:4      | Killed a necrophage
  5031 | D:4      | Killed an ogre
  5037 | D:4      | Reached XP level 7. HP: 34/40 MP: 0/12
  5479 | D:4      | Reached skill level 5 in Stealth
  5479 | D:4      | Reached skill level 5 in Summonings
  5525 | D:4      | Noticed a water moccasin
  5530 | D:4      | Killed a water moccasin
  5894 | D:4      | Reached XP level 8. HP: 46/46 MP: 12/14
  6202 | D:5      | Entered Level 5 of the Dungeon
  6312 | D:5      | Found a glowing drain.
  6322 | Sewer    | Entered a sewer
  6682 | Sewer    | Found a burning altar of Makhleb.
  6779 | Sewer    | Noticed Grinder
  6799 | Sewer    | Killed Grinder
  6916 | Sewer    | Reached skill level 5 in Dodging
  7812 | D:5      | Reached skill level 5 in Short Blades
  7879 | D:5      | Found an ancient bone altar of Kikubaaqudgha.
  7893 | D:5      | Noticed Duvessa
  7893 | D:5      | Noticed Dowan
  7941 | D:5      | Killed Duvessa
  7944 | D:5      | Killed Dowan
  8108 | D:5      | Reached XP level 9. HP: 52/52 MP: 16/16
  8126 | D:5      | Found a staircase to the Ecumenical Temple.
  8132 | Temple   | Entered the Ecumenical Temple
  8310 | Temple   | Became a worshipper of Yredelemnul the Dark
  8669 | D:5      | Found a glowing golden altar of the Shining One.
  9196 | D:6      | Reached skill level 1 in Invocations
  9284 | D:6      | Found a transporter.
  9285 | D:6      | Found a transporter.
  9286 | D:6      | Noticed dickylongcocking's ghost (novice DjWz)
  9323 | D:6      | Reached skill level 5 in Spellcasting
  9552 | D:6      | Noticed a hornet
  9724 | D:7      | Found a blossoming altar of Fedhas.
  9724 | D:7      | Found a sparkling altar of Nemelex Xobeh.
  9725 | D:7      | Found a burning altar of Makhleb.
 10399 | D:7      | Reached * piety under Yredelemnul
 11452 | D:8      | Reached skill level 5 in Fighting
 12006 | D:8      | Reached skill level 1 in Shields
 13356 | D:8      | Reached XP level 10. HP: 52/59 MP: 11/18
 13653 | D:8      | Noticed a komodo dragon
 13714 | D:8      | Found a staircase to the Lair.
 14512 | D:9      | Reached ** piety under Yredelemnul
 14725 | D:8      | Killed a komodo dragon
 15286 | D:9      | Found a staircase to the Orcish Mines.
 15574 | D:9      | Noticed a cyclops
 15578 | D:9      | Killed a cyclops
 15978 | D:10     | Entered Level 10 of the Dungeon
 16168 | D:10     | Noticed Harold
 16178 | D:10     | Killed Harold
 16179 | D:10     | Reached XP level 11. HP: 55/64 MP: 20/20
 16535 | D:10     | Reached *** piety under Yredelemnul
 16886 | D:10     | Found Hyaness's General Store.
 17162 | D:11     | Noticed a centaur warrior
 17185 | D:11     | Found a glowing golden altar of the Shining One.
 17193 | D:11     | Reached skill level 5 in Invocations
 17292 | D:10     | Upgraded the game from 0.27-a0-1431-gcffa5a9b16 to
                  | 0.27-a0-1434-g6f15984924
 17388 | Lair:1   | Entered Level 1 of the Lair of Beasts
 17393 | Lair:1   | Noticed a five-headed hydra
 17403 | Lair:1   | Killed a five-headed hydra
 17698 | Lair:1   | Found a hide-covered altar of Uskayaw.
 17699 | Lair:1   | Noticed a boulder beetle
 17700 | Lair:1   | Found an ornate altar of the Wu Jian Council.
 17703 | Lair:1   | Killed a boulder beetle
 17703 | Lair:1   | Received a gift from Yredelemnul (a wight)
 17840 | Lair:1   | Reached skill level 10 in Stealth
 18186 | Lair:1   | Reached XP level 12. HP: 72/72 MP: 19/22
 18259 | Lair:1   | Noticed a five-headed hydra
 18263 | Lair:1   | Killed a five-headed hydra
 18293 | Lair:1   | Noticed Sonja
 18318 | Lair:1   | Killed Sonja
 19281 | Lair:2   | Found a hole to the Spider Nest.
 19579 | Lair:2   | Reached **** piety under Yredelemnul
 19580 | Lair:2   | Received a gift from Yredelemnul (a flying skull)
 20937 | Lair:3   | Noticed a catoblepas
 20946 | Lair:3   | Killed a catoblepas
 20961 | Lair:3   | Reached skill level 5 in Shields
 21113 | Lair:3   | Received a gift from Yredelemnul (a mummy)
 21177 | Lair:3   | Reached XP level 13. HP: 78/78 MP: 22/25
 21375 | Lair:3   | Noticed a seven-headed hydra
 21379 | Lair:3   | Killed a seven-headed hydra
 21380 | Lair:3   | Reached skill level 10 in Short Blades
 22352 | Lair:4   | Reached skill level 10 in Dodging
 22665 | Lair:4   | Noticed a boulder beetle
 22669 | Lair:4   | Killed a boulder beetle
 22671 | Lair:4   | Noticed a catoblepas
 22695 | Lair:4   | Killed a catoblepas
 22947 | Lair:4   | Received a gift from Yredelemnul (a wraith)
 23074 | Lair:4   | Noticed an eight-headed hydra
 23101 | Lair:4   | Killed an eight-headed hydra
 23764 | Lair:4   | Received a gift from Yredelemnul (a wraith)
 23929 | Lair:4   | Learned a level 4 spell: Summon Ice Beast
 24388 | Lair:4   | Found a staircase to the Shoals.
 25063 | Lair:5   | Reached XP level 14. HP: 46/86 MP: 9/26
 25901 | Lair:5   | Received a gift from Yredelemnul (a wraith)
 26349 | Lair:5   | Found a staircase to the Slime Pits.
 26787 | Lair:5   | Learned a level 4 spell: Summon Lightning Spire
 26788 | Lair:6   | Entered Level 6 of the Lair of Beasts
 27492 | Lair:6   | Received a gift from Yredelemnul (4 flying skulls)
 28634 | D:11     | Reached skill level 10 in Summonings
 29710 | D:12     | Reached ***** piety under Yredelemnul
 29887 | D:12     | Found a portal to a secret trove of treasure.
 30143 | D:12     | Received a gift from Yredelemnul (3 flying skulls)
 30638 | D:13     | Reached skill level 10 in Fighting
 32416 | D:13     | Found a gate to the Vaults.
 32870 | Orc:1    | Entered Level 1 of the Orcish Mines
 32933 | Orc:1    | Received a gift from Yredelemnul (3 flying skulls)
 32966 | Orc:1    | Found Biaby's Overcharged Wands.
 33101 | Orc:1    | Reached XP level 15. HP: 92/92 MP: 28/28
 33112 | Orc:1    | Received a gift from Yredelemnul (a phantasmal warrior)
 33286 | Orc:1    | Found Ripepemy's Antique Weapon Shop.
 33574 | Orc:2    | Entered Level 2 of the Orcish Mines
 33827 | Orc:2    | Received a gift from Yredelemnul (a wraith)
 33890 | Orc:2    | Found Xyimig's Magic Scroll Boutique.
 33894 | Orc:2    | Received a gift from Yredelemnul (a vampire)
 34048 | Orc:2    | Bought a scroll of enchant weapon for 97 gold pieces
 34115 | Orc:2    | Found a staircase to the Elven Halls.
 34796 | Orc:2    | Received a gift from Yredelemnul (a vampire knight)
 34875 | Orc:2    | Reached skill level 10 in Spellcasting
 35028 | Orc:2    | Found Eklefrec's Magic Scroll Boutique.
 35030 | Orc:2    | Found Refun's Armour Boutique.
 35030 | Orc:2    | Found Musukhats's Antique Weapon Emporium.
 35033 | Orc:2    | Found Wofrut's Weapon Emporium.
 35067 | Orc:2    | Bought an ebony dagger for 259 gold pieces
 35067 | Orc:2    | Identified the +10 dagger of Evviu {vorpal, rPois Dex+3}
                  | (You bought it in a shop on level 2 of the Orcish Mines)
 35503 | Spider:1 | Entered Level 1 of the Spider Nest
 35505 | Spider:1 | Received a gift from Yredelemnul (a vampire)
 35958 | Spider:1 | Upgraded the game from 0.27-a0-1434-g6f15984924 to
                  | 0.27-a0-1442-g87b6fcb595
 36124 | Spider:1 | Received a gift from Yredelemnul (a vampire knight)
 37778 | Spider:2 | Reached skill level 10 in Invocations
 38005 | Spider:2 | Noticed Aizul
 38015 | Spider:2 | Killed Aizul
 38167 | Spider:2 | Received a gift from Yredelemnul (a vampire knight)
 38752 | Spider:3 | Received a gift from Yredelemnul (a bone dragon)
 39106 | Spider:3 | Found a runed translucent door.
 39681 | Spider:4 | Entered Level 4 of the Spider Nest
 39870 | Spider:4 | Noticed an emperor scorpion
 39879 | Spider:4 | Killed an emperor scorpion
 39880 | Spider:4 | Reached XP level 16. HP: 100/100 MP: 3/30
 39988 | Spider:4 | Reached ****** piety under Yredelemnul
 40007 | Spider:4 | Received a gift from Yredelemnul (a vampire)
 40752 | Spider:4 | Received a gift from Yredelemnul (a bone dragon)
 40770 | Spider:4 | Received a gift from Yredelemnul (a profane servitor)
 40863 | Spider:4 | Got a gossamer rune of Zot
 41022 | Shoals:1 | Entered Level 1 of the Shoals
 41348 | Shoals:1 | Learned a level 3 spell: Summon Guardian Golem
 41444 | Shoals:1 | Found Qazanaka's General Store.
 41452 | Shoals:1 | Bought a scroll of teleportation for 39 gold pieces
 42179 | Shoals:2 | Received a gift from Yredelemnul (a vampire)
 42383 | Shoals:2 | Received a gift from Yredelemnul (a bone dragon)
 43385 | Shoals:3 | Noticed Donald
 43395 | Shoals:3 | Killed Donald
 43395 | Shoals:3 | Received a gift from Yredelemnul (a skeletal warrior)
 43420 | Shoals:3 | Reached skill level 15 in Stealth
 43738 | Shoals:3 | Found Qacie's Weapon Boutique.
 44581 | Shoals:4 | Entered Level 4 of the Shoals
 44666 | Shoals:4 | Reached XP level 17. HP: 106/106 MP: 30/32
 44722 | Shoals:4 | Received a gift from Yredelemnul (a phantasmal warrior)
 44992 | Shoals:4 | Noticed Louise
 45002 | Shoals:4 | Noticed Polyphemus
 45012 | Shoals:4 | Killed Louise
 45022 | Shoals:4 | Killed Polyphemus
 45031 | Shoals:4 | Killed Ilsuiw
 45600 | Shoals:4 | Noticed a kraken
 45602 | Shoals:4 | Received a gift from Yredelemnul (a ghoul)
 45634 | Shoals:4 | Your ally Louise died
 46061 | Shoals:4 | Got a barnacled rune of Zot
 47070 | D:14     | Received a gift from Yredelemnul (a vampire)
 47699 | D:15     | Entered Level 15 of the Dungeon
 47754 | D:15     | Found a staircase to the Depths.
 47829 | D:15     | Found Adwef's Book Boutique.
 48047 | D:15     | Found a runed translucent gate.
 48048 | D:15     | Found a runed translucent gate.
 48049 | D:15     | Found a runed translucent gate.
 48052 | D:15     | Noticed atabob's ghost (journeyman DsGl)
 48058 | D:15     | Identified the +7 morningstar "Suohiwn" {drain, rElec rPois
                  | MP+9}
 48762 | D:15     | Received a gift from Yredelemnul (a skeletal warrior)
 48910 | D:15     | Found the +12 glaive of Prune {vorpal}
 49408 | D:15     | Bought a book of Hexes for 468 gold pieces
 49525 | Vaults:1 | Entered Level 1 of the Vaults
 49528 | Vaults:1 | Reached XP level 18. HP: 113/113 MP: 33/33
 51228 | Vaults:1 | Received a gift from Yredelemnul (a vampire)
 51396 | Vaults:1 | Reached skill level 15 in Short Blades
 52815 | Vaults:1 | Upgraded the game from 0.27-a0-1442-g87b6fcb595 to
                  | 0.27-a0-1456-gf5a116941d
 53119 | Vaults:2 | Received a gift from Yredelemnul (a phantasmal warrior)
 53475 | Vaults:2 | Noticed Margery
 53486 | Vaults:2 | Noticed an ancient champion
 53491 | Vaults:2 | Killed an ancient champion
 53504 | Vaults:2 | Killed Margery
 53507 | Vaults:2 | Received a gift from Yredelemnul (a flayed ghost)
 53512 | Vaults:2 | Noticed an ancient champion
 53520 | Vaults:2 | Killed an ancient champion
 53549 | Vaults:2 | Noticed Frederick
 53557 | Vaults:2 | Killed Frederick
 53566 | Vaults:2 | Received a gift from Yredelemnul (a vampire)
 53581 | Vaults:2 | Your ally Margery died
 54507 | Vaults:2 | Received a gift from Yredelemnul (a profane servitor)
 54640 | Vaults:2 | Identified the +5 scale mail "Limnarask" {-Tele Dex+4}
 54721 | Vaults:2 | Reached XP level 19. HP: 119/119 MP: 26/35
 56988 | Vaults:2 | Received a gift from Yredelemnul (a vampire knight)
 58004 | Vaults:3 | Received a gift from Yredelemnul (a skeletal warrior)
 58005 | Vaults:3 | Reached skill level 15 in Dodging
 58734 | Vaults:3 | Received a gift from Yredelemnul (a phantasmal warrior)
 58838 | Vaults:3 | Noticed a Hell Sentinel
 58843 | Vaults:3 | Identified the amulet of Autumn {Acrobat rC+ MP+9}
 59664 | Vaults:3 | Identified a scroll of acquirement
 59672 | Vaults:3 | Acquired a manual of Short Blades
 61138 | Vaults:4 | Received a gift from Yredelemnul (a ghoul)
 61679 | Vaults:4 | Reached XP level 20. HP: 127/127 MP: 34/37
 61925 | Vaults:4 | Received a gift from Yredelemnul (a flayed ghost)
 62305 | Vaults:4 | Received a gift from Yredelemnul (a skeletal warrior)
 63709 | Vaults:4 | Received a gift from Yredelemnul (a bone dragon)
 64831 | Elf:1    | Entered Level 1 of the Elven Halls
 65017 | Elf:1    | Received a gift from Yredelemnul (a flayed ghost)
 65114 | Elf:1    | Received a gift from Yredelemnul (a vampire knight)
 65126 | Elf:1    | Noticed Roxanne
 65134 | Elf:1    | Killed Roxanne
 65232 | Elf:1    | Found a magical portal.
 65256 | WizLab   | Entered The Chambers of the Cloud Mage
 66398 | Elf:1    | Got the Compendium of Confrontation
 66841 | Elf:1    | Received a gift from Yredelemnul (a skeletal warrior)
 67045 | Elf:1    | Received a gift from Yredelemnul (a flayed ghost)
 67594 | Elf:2    | Learned a level 7 spell: Monstrous Menagerie
 67907 | Elf:2    | Found a runed translucent gate.
 67907 | Elf:2    | Found a runed translucent gate.
 67907 | Elf:2    | Found a runed translucent gate.
 67954 | Elf:2    | Paralysed by an air elemental for 1 turns
 68338 | Elf:2    | Acquired 605 gold pieces
 68695 | Elf:3    | Entered Level 3 of the Elven Halls
 69124 | Elf:3    | Reached XP level 21. HP: 132/132 MP: 38/38
 69139 | Elf:3    | Received a gift from Yredelemnul (a ghoul)
 70728 | Elf:3    | Identified the ring of Mytufug {rPois Int+6 SInv}
 71155 | Elf:3    | Identified the +4 great sword of Reinforcement {freeze,
                  | rPois Str-2 Int+3}
 71157 | Elf:3    | Identified the +11 battleaxe of the Wasteland {flame, rPois
                  | rCorr Str-5 SInv}
 71164 | Elf:3    | Received a gift from Yredelemnul (a vampire)
 71421 | Elf:3    | Identified the amulet "Ushreuzue" {RegenMP rF+}
 71487 | Elf:3    | Received a gift from Yredelemnul (a ghoul)
 71630 | Elf:3    | Found Ruijeez's Antique Armour Shoppe.
 71637 | Elf:3    | Bought a sheer robe for 176 gold pieces
 71637 | Elf:3    | Identified the +1 robe of Decaying Leaves {rPois Will+
                  | Dex+2} (You bought it in a shop on level 3 of the Elven
                  | Halls)
 72071 | Elf:3    | Got the Grimoire of the Hunter
 72075 | Elf:3    | Got Qora's Handbook of the Mutagenic Frostbite
 72116 | Elf:3    | Got Cuxown's Catalogue of Excruciating Envenoming
 72705 | D:15     | Bought a book of the Dragon for 598 gold pieces
 72866 | D:15     | Killed atabob's ghost
 72885 | D:15     | Found an iron altar of Okawaru.
 73447 | Depths:1 | Entered Level 1 of the Depths
 73449 | Depths:1 | Received a gift from Yredelemnul (a phantasmal warrior)
 73463 | Depths:1 | Reached skill level 15 in Fighting
 73677 | Depths:1 | Received a gift from Yredelemnul (a flayed ghost)
 73985 | Depths:1 | Found a one-way gate to the infinite horrors of the Abyss.
 74058 | Depths:1 | Found an opulent altar of Gozag.
 74067 | Depths:1 | Found Gozag's Platinum Reserve.
 74817 | Depths:1 | Received a gift from Yredelemnul (a profane servitor)
 74841 | Depths:1 | Noticed an ancient lich
 74842 | Depths:1 | Found a radiant altar of Vehumet.
 74845 | Depths:1 | Killed an ancient lich
 75390 | Depths:1 | Reached XP level 22. HP: 140/140 MP: 40/40
 75541 | Depths:1 | Identified the +0 plate armour of Restlessness {rPois
                  | Str+3}
 76671 | Depths:2 | Received a gift from Yredelemnul (a vampire)
 77202 | Depths:2 | Received a gift from Yredelemnul (a skeletal warrior)
 78011 | Depths:2 | Found a sacrificial altar of Ru.
 78569 | Depths:2 | Found a one-way gate leading to the halls of Pandemonium.
 78862 | Depths:2 | Found a gateway to Hell.
 78874 | Depths:2 | Noticed a bone dragon
 78884 | Depths:2 | Killed a bone dragon
 79587 | Depths:2 | Noticed a golden dragon
 80605 | Depths:2 | Killed a golden dragon
 80814 | Depths:2 | Got the Incunabulum of Gliding Attacks
 80819 | Depths:2 | Got the Papyrus of Supportive Darkness
 80824 | Depths:2 | Got the Guide on Noxious Transmutation
 80939 | Depths:2 | Learned a level 8 spell: Summon Horrible Things
 81096 | Depths:3 | Reached skill level 15 in Invocations
 81153 | Depths:3 | HP: 7/142 [spark wasp (11)]
 81153 | Depths:3 | HP: 3/142 [spark wasp (4)]
 81575 | Depths:3 | Upgraded the game from 0.27-a0-1456-gf5a116941d to
                  | 0.27-a0-1500-g450c7e4133
 81641 | Depths:3 | Reached skill level 15 in Summonings
 81651 | Depths:3 | Received a gift from Yredelemnul (a vampire knight)
 82879 | Depths:3 | Received a gift from Yredelemnul (a phantasmal warrior)
 83185 | Depths:3 | Received a gift from Yredelemnul (a flayed ghost)
 83236 | Depths:3 | Found a gateway to a ziggurat.
 84446 | Depths:3 | Noticed a golden dragon
 84460 | Depths:3 | Killed a golden dragon
 84892 | Depths:3 | Noticed Bai Suzhen
 84907 | Depths:3 | Killed Bai Suzhen
 84908 | Depths:3 | Received a gift from Yredelemnul (a ghoul)
 85313 | D:10     | Bought a scroll of acquirement for 780 gold pieces
 85438 | Depths:1 | Acquired a +7 quick blade
 85687 | Orc:2    | Bought a scroll of enchant armour for 112 gold pieces
 86661 | Depths:4 | Reached XP level 23. HP: 148/148 MP: 35/41
 86662 | Depths:4 | Received a gift from Yredelemnul (a ghoul)
 86666 | Depths:4 | Learned a level 2 spell: Blink
 87817 | Zig:1    | Entered Level 1 of a ziggurat
 87822 | Zig:1    | Noticed a profane servitor
 87824 | Zig:1    | Killed a profane servitor
 87862 | Zig:2    | Entered Level 2 of a ziggurat
 87908 | Zig:3    | Entered Level 3 of a ziggurat
 87921 | Zig:3    | Received a gift from Yredelemnul (a vampire)
 87927 | Zig:3    | Identified the +1 great sword "Vecvom" {flame, rC+ Dex+2}
 87939 | Zig:3    | Identified the ring of the Slicing Messenger {Ice Stlth+}
 88189 | Zig:4    | Entered Level 4 of a ziggurat
 88676 | Depths:4 | Found a glowing golden altar of the Shining One.
 89052 | Depths:5 | Entered Level 5 of the Depths
 89066 | Depths:5 | Noticed a juggernaut
 89076 | Depths:5 | Killed a juggernaut
 89302 | Depths:5 | Identified the +2 war axe "Berimaor" {pain, Fly rCorr
                  | Str+4}
 89809 | Depths:5 | Found Beotufer's Armour Shop.
 89877 | Depths:5 | Received a gift from Yredelemnul (a phantasmal warrior)
 90225 | Depths:5 | Found Ilasuip's Book Boutique.
 90262 | Depths:5 | Reached skill level 15 in Spellcasting
 90513 | Depths:5 | Found Jumitorr's Armour Emporium.
 90636 | Depths:5 | Found Sypiu's Antique Armour Shop.
 90692 | Depths:5 | Found Haasor's Magic Scroll Shoppe.
 90698 | Depths:5 | Bought a scroll of enchant armour for 105 gold pieces
 91250 | Depths:5 | Noticed a golden dragon
 91268 | Depths:5 | Killed a golden dragon
 91467 | Depths:5 | Found a gate to the Realm of Zot.
 92176 | D:1      | Bought a potion of cancellation for 80 gold pieces
 92176 | D:1      | Bought a potion of heal wounds for 50 gold pieces
 92176 | D:1      | Bought a potion of heal wounds for 50 gold pieces
 92943 | Vaults:2 | Found a staircase to the Crypt.
 93062 | Vaults:5 | Entered Level 5 of the Vaults
 93408 | Vaults:4 | Received a gift from Yredelemnul (a flayed ghost)
 95059 | Vaults:5 | Noticed a golden dragon
 95075 | Vaults:4 | Upgraded the game from 0.27-a0-1500-g450c7e4133 to
                  | 0.27-a0-1502-g47ed6a6988
 95529 | Vaults:4 | Received a gift from Yredelemnul (a ghoul)
 97039 | Vaults:4 | Killed a golden dragon
 97640 | Vaults:5 | Reached XP level 24. HP: 111/156 MP: 15/42
 97858 | Vaults:5 | Received a gift from Yredelemnul (a phantasmal warrior)
 98142 | Vaults:5 | Acquired the +1 cloak "Qostraq" {*Corrode rPois Regen+
                  | Str+4}
 98177 | Vaults:5 | Noticed a golden dragon
 98190 | Vaults:5 | Killed a golden dragon
 99167 | Vaults:5 | Received a gift from Yredelemnul (a flayed ghost)
 99535 | Vaults:5 | Identified the +1 plate armour "Joserr" {rF+ rCorr Str+4
                  | Dex+3}
100097 | Vaults:5 | Noticed an ancient lich
100154 | Vaults:5 | Killed an ancient lich
100989 | Vaults:5 | Reached XP level 25. HP: 163/163 MP: 42/43
100993 | Vaults:5 | Learned a level 2 spell: Passwall
101199 | Vaults:5 | Identified the ring of Qaggomes {Fly rElec rPois Will++
                  | Slay+3}
101481 | Vaults:5 | Identified the +3 leather armour of the Constellations
                  | {Str+4}
101885 | Vaults:5 | Got a silver rune of Zot
101894 | Vaults:5 | Identified the +1 pair of gloves of Rationality {Str+4
                  | Int+7 Dex-2 Stlth+}
102684 | Depths:5 | Bought a manual of Summonings for 1680 gold pieces
102881 | Zot:1    | Entered Level 1 of the Realm of Zot
102911 | Zot:1    | Received a gift from Yredelemnul (a phantasmal warrior)
103675 | Zot:1    | Received a gift from Yredelemnul (a vampire)
104261 | Zot:1    | Received a gift from Yredelemnul (a profane servitor)
105291 | Zot:1    | Reached XP level 26. HP: 170/170 MP: 31/43
106243 | Zot:2    | Killed from afar by a quicksilver dragon

Illustrated notes

Levels and vault maps discovered:
D:1:      pf_arrival_petrified_forest, layout_basic, serial_shops, shop
D:2:      layout_basic, hellmonk_ecumenical_altar_lost_god, minmay_tromino_i2
D:3:      layout_loops_ring, old_standard_altar, st_stairs_6, uniq_natasha
D:4:      layout_loops_cross, minmay_liquid_box, hangedman_minor_gate_pass
D:5:      layout_loops_ring, kiku_gazebo_pond_becter, marbit_many_paths,
          minmay_temple_entry_antechambers, cheibrodos_sewer_entry_drain,
          uniq_duvessa
D:6:      layout_basic, gammafunk_ghost_hive
D:7:      layout_gridville, chequers_temple_overflow_statue_of_worship,
          corexii_checkpoint_a, minivault_14, chequers_serial_rivers_micro_d,
          corexii_checkpoint_b, chequers_jeans
D:8:      layout_basic, david_lair_shrubbed, grunt_tough_drop
D:9:      layout_irregular_city, erik_orc_4
D:10:     layout_roguey, serial_shops, kennysheep_little_box, uniq_harold
D:11:     layout_cave_pools, nicolae_tso_swordbearing_angel
D:12:     layout_gridville, portal_ice_cave_entry_pillars_1,
          nicolae_trove_entry_free_sample, lightli_corner_chamber
D:13:     layout_cave_pods, grunt_vaults_entry_fortified, dk_noncrumbling_4
D:14:     layout_big_octagon, serial_column_ruins, column_ruins_hut_pillars,
          column_ruins_columns_straight, column_ruins_open_small,
          column_ruins_open_tiny_water, column_ruins_grid_4,
          column_ruins_corridor_straight
D:15:     hangedman_depths_entry_try_elsewhere_first, layout_loops_ring,
          serial_shops, shop, chequers_big_river,
          gammafunk_ghost_fury_of_okawaru, small_chamber_with_monster,
          minmay_pinched_square
Temple:   kb_temple_of_zot
Lair:1:   layout_cave_shapes, nzn_masters_of_martial_movement, uniq_sonja
Lair:2:   lemuel_reptile_caves, layout_chaotic_city,
          nicolae_spider_entry_non_spiders
Lair:3:   layout_concentric_octagons, grunt_megastairs_3
Lair:4:   layout_regular_city, minmay_shoals_entry_beasts, st_stairs_12,
          minmay_shattered_shrine
Lair:5:   layout_layer_cave, minmay_slime_entry_oklob_open
Lair:6:   cheibrodos_lair_end_hotspot, layout_loops_ring
Shoals:1: layout_shoals, serial_shops, bzr_firewalk, nicolae_shop_statue_plus,
          nicolae_shoals_lost_giant_baths
Shoals:2: layout_shoals, nicolae_shoals_elemental_ambush
Shoals:3: layout_shoals, serial_shops, nicolae_square_shop,
          nicolae_shoals_lost_giant_amphitheater,
          nicolae_shoals_dead_sea_scrolls, uniq_donald
Shoals:4: shoals_end_simple, layout_shoals, shoal_ilsuiw, uniq_louise,
          uniq_polyphemus
Spider:1: layout_spider_delve
Spider:2: layout_spider_delve, nicolae_spider_stair_cavern, uniq_aizul
Spider:3: layout_spider_delve, ebering_ghost_reflecting_pool
Spider:4: grunt_spider_rune_circles
Orc:1:    layout_diamond_mine, basic_altar, serial_shops,
          nicolae_shop_overgrown_old_shop, nicolae_shop_overcharged_wands
Orc:2:    grunt_orc_tribal_feast, layout_diamond_mine, serial_shops, shop,
          mines_bat_river
Elf:1:    minmay_elf_arrival_circle, layout_onion_city,
          lightli_enter_wizlab_magi_temple, minmay_elf_annihilation,
          hangedman_elven_crosses_minicolossus, uniq_roxanne
Elf:2:    layout_geoelf_grid, serial_sigils_hangedman_scratch
Elf:3:    minmay_elf_hall_statues, layout_geoelf_octagon, serial_shops,
          nicolae_shop_window_shopping, kennysheep_underground_church
Vaults:1: vaults_room_corners, dpeg_vaults_monster_box,
          ontoclasm_vaults_decontamination, layout_vaults_quadrants
Vaults:2: minmay_crypt_entry_simple_box, hangedman_vaults_slice, st_diamondy,
          vaults_room_semicircle, v_pattern_4, nicolae_vaults_border_crossing,
          v_misc_3, vaults_room_grunt_arrival_checkpoint, vaults_mumra_lcd,
          vaults_dpeg_cross, hangedman_vaults_trim, layout_vaults_big_room,
          uniq_frederick, uniq_margery
Vaults:3: ontoclasm_vaults_echo, nicolae_vaults_little_squares_1,
          ontoclasm_vaults_shuriken, nicolae_vaults_ring_of_whatevers,
          vaults_room_fancy_cross, hangedman_vaults_slice,
          hangedman_vaults_locks, hangedman_vaults_stream, v_misc_27, v_misc_12,
          nicolae_vaults_little_squares_3, hangedman_vaults_stitches,
          layout_vaults_maze
Vaults:4: vaults_mumra_minichess_inversion, grunt_vaults_trifunnel,
          v_alt_pattern_1, vaults_mumra_hexcomb, vaults_room_glass_cross,
          v_misc_26, nicolae_vaults_twisting_passages,
          nicolae_vaults_puzzle_piece, ontoclasm_vaults_loading_screen,
          layout_vaults_omnicross
Vaults:5
Depths:1: evilmike_halls_of_destruction, layout_basic,
          hangedman_abyss_entry_splay, hellmouth_1,
          nicolae_gozag_zags_fifth_avenue
Depths:2: gold_lair_mu, layout_small_grid, wad_floor_pattern_untrapped,
          grunt_mini_vestibule, pan_entry, chequers_serial_rivers_micro_a,
          nicolae_ru_the_path_less_chosen
Depths:3: hangedman_crystal_crosses_colossus [crystal_crosses_arms_four,
          crystal_crosses_arms_two, crystal_crosses_arms_one,
          crystal_crosses_arms_one], hell_entry, pan_entry, uniq_bai_suzhen
Depths:4: abrahamwl_protected_by_tso_3, layout_gridlike, hell_entry,
          marbit_kobold_abyss_entry, serial_bayou_shore_a
Depths:5: evilmike_zot_entry_gauntlet, layout_cave_pools, hell_entry,
          serial_shops, shop, shop, shop, nicolae_lakefront_shop,
          nicolae_shop_waterfront, amcnicky_mini_pool_small
Zot:1:    layout_cathedral_of_symmetry, drop_trap
Zot:2:    layout_gridlike, zot_minivault_4

Skill      XL: |  1  2  3  4  5  6  7  8  9 10 11 12 13 14 15 16 17 18 19 20 21 22 23 24 25 |
---------------+----------------------------------------------------------------------------+-----
Stealth        | 3 4 5 6 7 9 10 11 12 13 14 15 16 17 18 19 20 21 | 21.3
Short Blades   | 1 2 3 4 5 6 7 8 9 11 12 13 14 15 16 17 18 20 21 | 21.6
Fighting       | 1 2 3 4 5 6 7 8 9 10 11 12 13 14 15 16 17 18 | 18.8
Dodging        | 3 4 5 6 7 8 9 10 11 12 13 14 15 16 17 18 | 18.6
Spellcasting   | 3 4 5 6 7 8 9 10 11 12 13 14 15 16 | 16.5
Summonings     | 5 6 7 8 9 10 11 12 13 14 15 16 | 16.6
Invocations    | 2 4 5 6 8 9 10 11 12 13 14 15 16 | 16.5
Shields        | 1 2 4 5 |  5.0

Action                   |  1- 3 |  4- 6 |  7- 9 | 10-12 | 13-15 | 16-18 | 19-21 | 22-24 | 25-27 || total
-------------------------+-------+-------+-------+-------+-------+-------+-------+-------+-------++-------
Melee: Dagger            |    40 |   104 |   267 |   424 |   774 |   392 |   536 |   678 |    29 ||  3244
       Quick blade       |       |       |       |       |       |       |       |       |   217 ||   217
 Cast: Summon Small Mamm |    31 |     1 |       |     1 |     1 |       |       |       |       ||    34
       Call Imp          |       |    48 |    88 |   108 |    68 |       |       |    13 |       ||   325
       Call Canine Famil |       |     8 |    67 |    67 |    58 |    12 |    15 |    12 |     1 ||   240
       Summon Ice Beast  |       |       |       |       |   154 |   164 |   104 |    32 |     1 ||   455
       Summon Lightning  |       |       |       |       |    31 |    44 |    31 |    40 |     3 ||   149
       Summon Guardian G |       |       |       |       |       |    23 |       |       |       ||    23
       Monstrous Menager |       |       |       |       |       |       |    20 |   320 |    67 ||   407
       Blink             |       |       |       |       |       |       |       |     5 |       ||     5
       Summon Horrible T |       |       |       |       |       |       |       |     1 |       ||     1
Invok: Animate Remains   |       |       |     9 |    19 |       |       |       |       |       ||    28
       Animate Dead      |       |       |       |    34 |    93 |    91 |   106 |    67 |    16 ||   407
       Recall Undead Sla |       |       |       |       |       |     7 |     8 |    12 |     2 ||    29
Evoke: Wand              |       |       |       |       |     8 |       |       |     3 |       ||    11
  Use: Scroll            |       |       |    17 |     7 |    10 |    12 |    12 |    18 |     2 ||    78
       Potion            |       |       |     2 |     4 |     3 |     5 |     2 |     9 |       ||    25
 Stab: Sleeping          |    11 |    17 |    40 |    43 |    59 |   101 |   164 |    42 |    22 ||   499
       Distracted        |     1 |       |     5 |    17 |    25 |    17 |    19 |    51 |     6 ||   141
       Paralysed         |       |       |       |       |     2 |     2 |       |     2 |     1 ||     7
       Confused          |       |       |       |       |     1 |       |       |     1 |     1 ||     3
       Petrified         |       |       |       |       |       |     1 |       |       |       ||     1
       Fleeing           |       |       |       |       |       |     1 |       |       |       ||     1
Armor: Robe              |     2 |    23 |    34 |       |       |       |       |       |       ||    59
       Steam dragon scal |       |       |     4 |    44 |    92 |    41 |    42 |   125 |    34 ||   382
Dodge: Dodged            |    39 |    80 |   178 |   142 |   346 |   196 |   222 |   588 |   109 ||  1900
Block: Other             |     9 |    30 |    39 |       |       |       |       |       |       ||    78
       Buckler           |       |       |    46 |   133 |   305 |   100 |    92 |   211 |    37 ||   924
       Reflection        |       |       |     1 |     1 |    17 |       |       |     8 |     1 ||    28

Table legend: (Time is in decaauts)
 A = Elapsed time spent in this place.
 B = Non-inter-level travel time spent in this place.
 C = Inter-level travel time spent in this place.
 D = Time resting spent in this place.
 E = Time spent auto-exploring this place.
 F = Levels seen in this place.
 G = Mean time per level.
                   A        B        C        D        E       F      G
               +--------+--------+--------+--------+--------+-----+--------+
         Total | 105483 |  83366 |  22117 |  42178 |  24440 |  53 | 1990.2 |
       Dungeon |  26226 |  21384 |   4842 |   5307 |  12271 |  15 | 1748.4 |
        Temple |    195 |    166 |     29 |      0 |    164 |   1 |  195.0 |
          Lair |  11180 |  10106 |   1074 |   3383 |   5162 |   6 | 1863.3 |
        Shoals |   5670 |   3606 |   2064 |   1402 |   1380 |   4 | 1417.5 |
   Spider Nest |   5417 |   4042 |   1375 |   2153 |   1182 |   4 | 1354.2 |
  Orcish Mines |   2762 |   1948 |    814 |    931 |    552 |   2 | 1381.0 |
   Elven Halls |   7325 |   5746 |   1579 |   3745 |    678 |   3 | 2441.7 |
        Vaults |  24598 |  19108 |   5490 |  14032 |   1111 |   5 | 4919.6 |
        Depths |  17288 |  13031 |   4257 |   9377 |    835 |   5 | 3457.6 |
           Zot |   3211 |   2620 |    591 |   1307 |    479 |   2 | 1605.5 |
      Ziggurat |    389 |    389 |      0 |    281 |      0 |   4 |   97.2 |
         Sewer |    980 |    980 |      0 |    106 |    624 |   1 |  980.0 |
        Wizlab |    239 |    239 |      0 |    153 |      0 |   1 |  239.0 |
               +--------+--------+--------+--------+--------+-----+--------+

Top non-repeatable levels by time:
Vaults:4: 8864 daAuts
Depths:2: 5525 daAuts
Vaults:2: 4464 daAuts
Vaults:1: 4143 daAuts
Vaults:5: 3758 daAuts
   Elf:3: 3720 daAuts
Depths:3: 3714 daAuts
Vaults:3: 3366 daAuts
Depths:1: 3067 daAuts
     D:8: 3053 daAuts
    D:15: 3030 daAuts
    D:13: 3029 daAuts
  Lair:4: 2651 daAuts
Depths:5: 2605 daAuts
   Zot:1: 2494 daAuts
